 Dungeon Sprint DCSS version 0.30-a0-134-gb40fab5c76 (webtiles) character file.

Game seed: 821338446031647657

24414 iguanaiguana the Phalangite (level 12, -1/139 HPs)
             Began as a Minotaur Berserker on Sept 19, 2022.
             Was a High Priest of Trog.
             Slain by the 27-headed Lernaean hydra (2 damage)
             ... in the Dungeon (Sprint I: "Red Sonja") on Sept 20, 2022.
             The game lasted 00:26:22 (5573 turns).

iguanaiguana the Phalangite (Minotaur Berserker)    Turns: 5573, Time: 00:26:23

Health: -1/139     AC: 29    Str: 26    XL:     12   Next: 80%
Magic:  9/9        EV: 10    Int:  4    God:    Trog [*****.]
Gold:   1584       SH:  0    Dex:  9    Spells: 11/11 levels left

rFire   + . .      SeeInvis .    b - +3 bardiche (vorpal)
rCold   . . .      Faith    .    (shield currently unavailable)
rNeg    + . .      Spirit   .    v - +0 shadow dragon scales
rPois   +          Reflect  .    (helmet unavailable)
rElec   +          Harm     .    (no cloak)
rCorr   +          Rampage  .    s - +2 pair of gloves {infuse}
Will    ++...      NoTele   +    l - +2 pair of boots
Stlth   ++........               a - amulet "Fuexohon" {Acrobat rElec rF- rN+}
HPRegen 1.33/turn                y - ring of protection from fire
MPRegen 0.11/turn                i - ring of the Rabble {*Slow rPois rF+ rCorr}

@: strong-willed, regenerating, invisible
A: horns 3, retaliatory headbutt, clumsy 1, low MP 1, subdued magic 1
a: Renounce Religion, Berserk, Trog's Hand, Brothers in Arms


You were in the Dungeon.
You worshipped Trog.
Trog was extremely pleased with you.
You visited 1 branch You collected 4446 gold pieces.
You spent 2862 gold pieces at shops.

Inventory:

Hand Weapons
 b - a +3 vorpal bardiche (weapon)
 p - a +3 halberd of flaming
Missiles
 o - 4 curare-tipped darts (quivered)
Armour
 l - a +2 pair of boots (worn)
 s - a +2 pair of gloves of infusion (worn)
 v - +0 shadow dragon scales (worn)
Jewellery
 a - the amulet "Fuexohon" (around neck) {Acrobat rElec rF- rN+}
   (You bought it in a shop in the Dungeon)

   [amulet of the acrobat]

   It increases your evasion while moving and waiting.
   rF:        It makes you vulnerable to fire.
   rElec:     It insulates you from electricity.
   rN:        It protects you from negative energy.
 i - the ring of the Rabble (right hand) {*Slow rPois rF+ rCorr}
   (You bought it in a shop in the Dungeon)

   [ring of poison resistance]

   rF:        It protects you from fire.
   rPois:     It protects you from poison.
   rCorr:     It protects you from acid and corrosion.
   *Slow:     It may slow you when you take damage.
 m - a ring of flight
 u - the ring of Avanwanu {AC+4 SInv}
   (You bought it in a shop in the Dungeon)

   [ring of protection]

   AC:        It affects your AC (+4).
   SInv:      It lets you see invisible.
 y - a ring of protection from fire (left hand)
 z - a +4 ring of evasion
Wands
 j - a wand of flame (11)
Scrolls
 q - a scroll of poison
 r - a scroll of fog
 w - a scroll of vulnerability
 x - a scroll of amnesia {unknown}
Potions
 c - 7 potions of curing {@q1}
 d - a potion of heal wounds {@q2}
 e - a potion of haste {@q4}
 f - 2 potions of magic
 g - a potion of berserk rage
 n - 3 potions of lignification


   Skills:
 + Level 22.9 Fighting
 - Level 24.0 Polearms
 - Level 20.4 Armour
 - Level 3.8 Dodging
 - Level 6.0 Evocations


You had 11 spell levels left.
You didn't know any spells.
Your spell library was empty.

Dungeon Overview and Level Annotations

Branches:
Dungeon (1/1) Zot: 27000

Altars:
Cheibriados
Dithmenos
Elyvilon
Fedhas
Gozag
Hepliaklqana
Kikubaaqudgha
Makhleb
Nemelex Xobeh
Okawaru
Qazlal
Ru
Sif Muna
Trog
Uskayaw
Vehumet
Wu Jian
Xom
Yredelemnul
Zin
The Shining One
Jiyva
Lugonu

Shops:
D =*[*[*(*::!?=:*=[:*[(!

Annotations:
D Lernaean hydra


Innate Abilities, Weirdness & Mutations

You have a pair of large horns on your head.
You reflexively headbutt those who attack you in melee.
You are clumsy. (Dex -2)
Your magical capacity is low. (-10% MP)
Your spells are a little easier to cast, but a little less powerful.


Message History

The 27-headed Lernaean hydra bites you.
* * * LOW HITPOINT WARNING * * *
The 27-headed Lernaean hydra bites you.
* * * LOW HITPOINT WARNING * * *
The 27-headed Lernaean hydra bites you.
* * * LOW HITPOINT WARNING * * *
The 27-headed Lernaean hydra bites you.
* * * LOW HITPOINT WARNING * * *
The 27-headed Lernaean hydra bites you.
* * * LOW HITPOINT WARNING * * *
The 27-headed Lernaean hydra bites you!
* * * LOW HITPOINT WARNING * * *
Blink to where?
Press: ? - help, Dir - move target
As you read the scroll of blinking {@r4}, it crumbles to dust.
Really read the scroll of torment near your ogre?
Really read the scroll of torment?
As you read the scroll of torment, it crumbles to dust.
Your body is wracked with pain!
* * * LOW HITPOINT WARNING * * *
Your ogre convulses!
The 27-headed Lernaean hydra convulses!
Your ogre disappears in a puff of smoke!
Okay, then.
Aiming: Throw Flame
Press: ? - help, Shift-Dir - straight line, f - 27-headed Lernaean hydra
Aim: the 27-headed Lernaean hydra (heavily wounded, 91% to hit)
The puff of flame hits the 27-headed Lernaean hydra!
The 27-headed Lernaean hydra is heavily wounded.
The 27-headed Lernaean hydra is engulfed in a cloud of scalding steam. x2
Okay, then.
You fade into invisibility!
The 27-headed Lernaean hydra bites you!
* * * LOW HITPOINT WARNING * * *
The 27-headed Lernaean hydra bites you!
* * * LOW HITPOINT WARNING * * *
The 27-headed Lernaean hydra bites you.
* * * LOW HITPOINT WARNING * * *
The 27-headed Lernaean hydra bites you.
You die...

.+.....##.#A#.#..≈)|#.####'#
.#.....#..###.#..≈.##§#.§.[##
.###''##.##...#..≈##..§§§...##
###..###..#+###).≈#...§.§....#
####..###...#.≈..##..§§...§..##
#..#).#○###.#.≈..#§....§§§....#
#..○°...°.#.###..#§....§..§...#
#..○......#.#.'..##.....§§...##
'......####)#.##@##..........#
##...###....#.#~D§##........##
.#####...#### #~~§~##)..[(.##
...)...### #~~~§~########
..)##### ####~~§~#~~~~~#. ..##
#..#'~~~'~~.~~'. .##
#...##~~#~~~~~#~ .#
#....######'### ## #....# ≈≈


You could see the 27-headed Lernaean hydra (unable to see you).

Vanquished Creatures
  A golden dragon (D)
  A shadow dragon (D)
  3 fire giants (D)
  A lorocyproca (D)
  A deep elf annihilator (D)
  A mummy priest (D)
  2 centaur warriors (D)
  Sonja (D)
  A deep troll (D)
  A lindwurm (D)
  2 oklob plants (D)
  A shining eye (D)
  2 merfolk sirens (D)
  7 unseen horrors (D)
  2 kobold demonologists (D)
  2 demonic crawlers (D)
  A hellwing (D)
  A slime creature (D)
  3 hornets (D)
  Sigmund (D)
  A yak (D)
  13 hogs (D)
  2 redbacks (D)
  4 floating eyes (D)
  An ogre (D)
  7 necrophages (D)
  8 jellies (D)
  Ijyb (D)
72 creatures vanquished.

Vanquished Creatures (collateral kills)
  A hydra (D)
  7 shining eyes (D)
  A gargoyle (D)
  2 demonic crawlers (D)
  3 floating eyes (D)
14 creatures vanquished.

Vanquished Creatures (others)
  A fire giant (D)
  A gargoyle (D)
  2 hornets (D)
  2 ballistomycete spores (D)
6 creatures vanquished.

Grand Total: 92 creatures vanquished

Notes
Turn   | Place    | Note
-------+----------+-------------------------------------------
     0 | D        | iguanaiguana the Minotaur Berserker began the quest for the
                  | Orb.
     0 | D        | Reached XP level 1. HP: 19/19 MP: 0/0
     1 | D        | Noticed Ijyb
    10 | D        | Killed Ijyb
    11 | D        | Reached skill level 5 in Fighting
    11 | D        | Reached skill level 5 in Polearms
    11 | D        | Reached XP level 2. HP: 13/29 MP: 1/1
   224 | D        | Noticed an ogre
   228 | D        | Killed an ogre
   229 | D        | Reached skill level 9 in Polearms
   229 | D        | Reached XP level 3. HP: 36/36 MP: 2/2
   229 | D        | Reached XP level 4. HP: 42/42 MP: 3/3
   253 | D        | Noticed Sigmund
   258 | D        | Killed Sigmund
   258 | D        | Reached ** piety under Trog
   259 | D        | Reached skill level 13 in Polearms
   259 | D        | Reached XP level 5. HP: 48/48 MP: 4/4
   259 | D        | Reached XP level 6. HP: 56/56 MP: 5/5
   291 | D        | Found an ornate altar of the Wu Jian Council.
   291 | D        | Found a shimmering blue altar of Sif Muna.
   293 | D        | Found a radiant altar of Vehumet.
   296 | D        | Reached skill level 14 in Polearms
   308 | D        | Found Vimobaid's Assorted Antiques.
   308 | D        | Found an ancient bone altar of Kikubaaqudgha.
   308 | D        | Found a hazy altar of Hepliaklqana.
   308 | D        | Found a stormy altar of Qazlal.
   308 | D        | Found a hide-covered altar of Uskayaw.
   308 | D        | Found a blossoming altar of Fedhas.
   308 | D        | Found a bloodstained altar of Trog.
   308 | D        | Found an iron altar of Okawaru.
   308 | D        | Found a basalt altar of Yredelemnul.
   308 | D        | Found a glowing golden altar of the Shining One.
   308 | D        | Found a snail-covered altar of Cheibriados.
   308 | D        | Found a sacrificial altar of Ru.
   308 | D        | Found a glowing silver altar of Zin.
   308 | D        | Found a shadowy altar of Dithmenos.
   308 | D        | Found a white marble altar of Elyvilon.
   308 | D        | Noticed a yak
   313 | D        | Killed a yak
   314 | D        | Reached skill level 16 in Polearms
   314 | D        | Reached skill level 1 in Evocations
   314 | D        | Found an opulent altar of Gozag.
   394 | D        | Found a sparkling altar of Nemelex Xobeh.
   398 | D        | Bought a pair of glowing boots for 180 gold pieces
   398 | D        | Bought a pair of gloves for 108 gold pieces
   430 | D        | Noticed a centaur warrior
   436 | D        | Noticed a centaur warrior
   441 | D        | Killed a centaur warrior
   442 | D        | Reached skill level 10 in Fighting
   442 | D        | Reached XP level 7. HP: 73/73 MP: 6/6
   442 | D        | Reached XP level 8. HP: 80/80 MP: 7/7
   453 | D        | Killed a centaur warrior
   453 | D        | Reached *** piety under Trog
   662 | D        | Noticed Sonja
   664 | D        | Killed Sonja
   665 | D        | Reached XP level 9. HP: 101/101 MP: 8/8
   687 | D        | Found Iqatz's Jewellery Boutique.
   707 | D        | Noticed a deep troll
   714 | D        | Killed a deep troll
   731 | D        | Identified the +4 ring mail of Patterns {rF+}
   809 | D        | Found Zastosh's Armour Emporium.
   813 | D        | Bought a +1 pair of gloves of infusion for 165 gold pieces
   839 | D        | Reached **** piety under Trog
   855 | D        | Noticed an oklob plant
   860 | D        | Killed an oklob plant
   992 | D        | Reached skill level 10 in Armour
  1027 | D        | Reached ***** piety under Trog
  1073 | D        | Reached XP level 10. HP: 95/112 MP: 0/9
  1082 | D        | Reached ****** piety under Trog
  1082 | D        | Received a gift from Trog
  1319 | D        | Identified the +0 chain mail of Starshine {rF+ Int+2 Dex+5}
  1324 | D        | Identified the +1 shortbow of Success {vorpal, rC+}
  1328 | D        | Found Seel's General Store.
  1328 | D        | Found Hefuagud's Weapon Shop.
  1328 | D        | Found Nudung's Book Boutique.
  1334 | D        | Found Megyhoce's Book Emporium.
  1334 | D        | Found Jiguek's Distillery.
  1334 | D        | Found Eginneal's Magic Scroll Shoppe.
  1334 | D        | Found Forphin's Jewellery Boutique.
  1334 | D        | Found Jilool's Book Emporium.
  1334 | D        | Found Enuch's Assorted Antiques.
  1334 | D        | Found Eteeh's Jewellery Shoppe.
  1336 | D        | Found Cinnuov's Antique Armour Boutique.
  1342 | D        | Found Biop's General Store.
  1342 | D        | Found Bozi's Book Boutique.
  1343 | D        | Found Wizudupp's Antique Weapon Emporium.
  1347 | D        | Bought a scroll labelled TUMUZUO OGGIONA for 31 gold pieces
  1347 | D        | Bought a fizzy yellow potion for 27 gold pieces
  1347 | D        | Bought a scroll labelled TUMUZUO OGGIONA for 31 gold pieces
  1348 | D        | Bought the ring of Avanwanu {AC+4 SInv} for 613 gold pieces
  1351 | D        | Bought a scroll of enchant armour for 75 gold pieces
  1357 | D        | Bought a scroll of identify for 20 gold pieces
  1393 | D        | Found a burning altar of Makhleb.
  1393 | D        | Found a viscous altar of Jiyva.
  1393 | D        | Found a shimmering altar of Xom.
  1393 | D        | Found a corrupted altar of Lugonu.
  1396 | D        | Received a gift from Trog
  1397 | D        | Reached skill level 17 in Polearms
  1625 | D        | Killed a gargoyle
  1682 | D        | Noticed a shining eye
  1682 | D        | Noticed a shining eye
  1682 | D        | Noticed a shining eye
  1682 | D        | Gained mutation: Your magical capacity is low. (-10% MP) [a
                  | shining eye]
  1683 | D        | Paralysed by a floating eye for 2 turns
  1687 | D        | Killed a shining eye
  1688 | D        | Noticed a shining eye
  1688 | D        | Noticed a shining eye
  1689 | D        | Paralysed by a floating eye for 4 turns
  1694 | D        | Reached skill level 18 in Polearms
  1695 | D        | Killed a shining eye
  1696 | D        | Reached skill level 15 in Armour
  1697 | D        | Killed a shining eye
  1697 | D        | Received a gift from Trog
  1699 | D        | Noticed a shining eye
  1700 | D        | Killed a shining eye
  1701 | D        | Reached skill level 19 in Polearms
  1701 | D        | Killed a shining eye
  1702 | D        | Reached XP level 11. HP: 119/119 MP: 8/8
  1702 | D        | Killed a shining eye
  1709 | D        | Noticed a shining eye
  1709 | D        | Noticed a shining eye
  1711 | D        | Gained mutation: You have hidden genetic defects. [a
                  | shining eye]
  1713 | D        | Killed a shining eye
  1714 | D        | Killed a shining eye
  1714 | D        | Received a gift from Trog
  1736 | D        | Found Iclyerch's Armour Shop.
  1736 | D        | Found Xydianam's Assorted Antiques.
  1736 | D        | Found Zaunas's General Store.
  1736 | D        | Found Puclip's Armour Emporium.
  1741 | D        | Bought a scroll labelled QOLUT LUNWYEGG for 20 gold pieces
  1741 | D        | Bought a yellow potion for 18 gold pieces
  1750 | D        | Bought a scroll of identify for 26 gold pieces
  1750 | D        | Bought a scroll of identify for 26 gold pieces
  1792 | D        | Reached skill level 20 in Polearms
  1812 | D        | Gained mutation: You sometimes lose your temper in combat.
                  | [hidden defects]
  1837 | D        | Lost mutation: You have hidden genetic defects. [potion of
                  | mutation]
  1837 | D        | Lost mutation: You sometimes lose your temper in combat.
                  | [potion of mutation]
  1837 | D        | Gained mutation: Your spells are a little easier to cast,
                  | but a little less powerful. [potion of mutation]
  1837 | D        | Gained mutation: You are clumsy. (Dex -2) [potion of
                  | mutation]
  1837 | D        | Gained mutation: You have a pair of large horns on your
                  | head. [potion of mutation]
  1856 | D        | Noticed a lindwurm
  1863 | D        | Killed a lindwurm
  1988 | D        | Received a gift from Trog
  1990 | D        | Reached skill level 21 in Polearms
  2007 | D        | Received a gift from Trog
  2092 | D        | Noticed a 12-headed hydra
  2095 | D        | Killed a 12-headed hydra
  2165 | D        | Noticed a daeva
  2373 | D        | Received a gift from Trog
  2374 | D        | Reached skill level 22 in Polearms
  2941 | D        | Bought a pair of runed boots for 150 gold pieces
  2942 | D        | Bought a potion of lignification for 60 gold pieces
  2942 | D        | Bought a potion of lignification for 60 gold pieces
  3008 | D        | Noticed a deep elf annihilator
  3015 | D        | Received a gift from Trog
  3028 | D        | Reached XP level 12. HP: 121/127 MP: 0/9
  3069 | D        | Paralysed by a hornet for 2 turns
  3631 | D        | Killed a deep elf annihilator
  3632 | D        | Reached skill level 23 in Polearms
  3782 | D        | Bought the ring of the Rabble {*Slow rPois rF+ rCorr} for
                  | 340 gold pieces
  3842 | D        | Noticed a shadow dragon
  3844 | D        | Noticed a golden dragon
  3866 | D        | Killed a golden dragon
  3867 | D        | Reached skill level 24 in Polearms
  3872 | D        | Killed a shadow dragon
  3898 | D        | Identified the +1 scale mail "Tacab" {MP+9}
  3961 | D        | Found Voasmiss's Distillery.
  4048 | D        | Noticed a mummy priest
  4094 | D        | Killed a mummy priest
  4094 | D        | Received a gift from Trog
  4186 | D        | Bought the amulet "Fuexohon" {Acrobat rElec rF- rN+} for
                  | 412 gold pieces
  4186 | D        | Bought a ring of flight for 175 gold pieces
  4265 | D        | Noticed the 27-headed Lernaean hydra
  4314 | D        | Noticed a lorocyproca
  4321 | D        | Killed a lorocyproca
  5157 | D        | Bought a ring of protection from fire for 325 gold pieces
  5301 | D        | Noticed a fire giant
  5317 | D        | Killed a fire giant
  5353 | D        | Noticed a fire giant
  5356 | D        | Killed a fire giant
  5391 | D        | Noticed a fire giant
  5394 | D        | Noticed a fire giant
  5399 | D        | Killed a fire giant
  5405 | D        | Killed a fire giant
  5573 | D        | HP: 5/139 [the 27-headed Lernaean hydra (8)]
  5573 | D        | HP: 1/139 [the 27-headed Lernaean hydra (4)]
  5573 | D        | Slain by the 27-headed Lernaean hydra

Illustrated notes

Levels and vault maps discovered:
D:        dungeon_sprint_1 [red_sonja_temple_1, red_sonja_temple_small_1]

Skill      XL: |  1  2  3  4  5  6  7  8  9 10 11 12 |
---------------+-------------------------------------+-----
Fighting       | 5 10 16 18 22 | 22.9
Polearms       | 5 9 13 16 19 22 24 | 24.0
Armour         | 4 11 16 20 | 20.4
Dodging        | 3 |  3.8
Evocations     | 6 |  6.0

Action                   |  1- 3 |  4- 6 |  7- 9 | 10-12 || total
-------------------------+-------+-------+-------+-------++-------
Melee: Spear             |    11 |     4 |       |       ||    15
       Halberd           |       |     9 |    53 |     8 ||    70
       Headbutt          |       |     2 |     4 |    23 ||    29
       Bardiche          |       |       |       |   146 ||   146
Throw: Dart              |       |       |       |     5 ||     5
Invok: Berserk           |     2 |     2 |     2 |     7 ||    13
       Brothers in Arms  |       |       |       |     8 ||     8
       Trog's Hand       |       |       |       |     2 ||     2
Evoke: Wand              |       |       |     1 |     8 ||     9
  Use: Potion            |       |     1 |       |     2 ||     3
       Scroll            |       |       |       |    10 ||    10
Armor: Animal skin       |       |     3 |     4 |       ||     7
       Ring mail         |       |       |    19 |   119 ||   138
       Shadow dragon sca |       |       |       |    42 ||    42
Dodge: Dodged            |     2 |     3 |    15 |    89 ||   109

Table legend: (Time is in decaauts)
 A = Elapsed time spent in this place.
 B = Non-inter-level travel time spent in this place.
 C = Inter-level travel time spent in this place.
 D = Time resting spent in this place.
 E = Time spent auto-exploring this place.
 F = Levels seen in this place.
 G = Mean time per level.
                   A        B        C        D        E       F      G
               +--------+--------+--------+--------+--------+-----+--------+
         Total |   5670 |   5174 |    496 |   3315 |    233 |   1 | 5670.0 |
       Dungeon |   5670 |   5174 |    496 |   3315 |    233 |   1 | 5670.0 |
               +--------+--------+--------+--------+--------+-----+--------+

Top non-repeatable levels by time:
       D: 5670 daAuts
